 Dungeon Crawl Stone Soup version 0.19.0-19-g8c6edcc (webtiles) character file.

9095 coolio the Cleaver (level 11, -5/99 HPs)
             Began as a Hill Orc Chaos Knight on Nov 10, 2016.
             Was a Follower of Uskayaw.
             Slain by a minotaur
             ... wielding a +8 iron rod (5/11)
              (7 damage)
             ... in a labyrinth on Nov 13, 2016.
             The game lasted 00:19:58 (10822 turns).

coolio the Cleaver (Hill Orc Chaos Knight)         Turns: 10822, Time: 00:19:59

Health: -5/99      AC: 18    Str: 28    XL:     11   Next: 41%
Magic:  11/11      EV: 10    Int: 12    God:    Uskayaw [*.....]
Gold:   172        SH:  0    Dex: 10    Spells: 0 memorised, 10 levels left

rFire  + . .     SeeInvis .     n - +0 war axe
rCold  . . .     Gourm    .     F - +1 scale mail {rF+}
rNeg   . . .     Faith    .     (no shield)
rPois  .         Spirit   .     (helmet restricted)
rElec  .         Reflect  .     (no cloak)
rCorr  .         Harm     .     p - +1 pair of gloves (curse)
MR     .....                    x - +0 pair of boots
Stlth  ..........               (no amulet)
                                D - +3 ring of protection (curse)
                                g - +4 ring of strength

@: mighty, about to teleport
A: beak, shaggy fur 1
a: Stomp, Renounce Religion


You were in a labyrinth.
You worshipped Uskayaw.
Uskayaw was noncommittal.
You were not hungry.

You visited 2 branches of the dungeon, and saw 12 of its levels.
You also visited: Labyrinth.

You collected 479 gold pieces.
You spent 307 gold pieces at shops.

Inventory:

Hand Weapons
 n - a +0 war axe (weapon)
 C - a +0 war axe
Armour
 j - a +1 helmet
 p - a cursed +1 pair of gloves (worn)
 x - a +0 pair of boots (worn)
 F - a +1 scale mail of fire resistance (worn)
Jewellery
 g - a +4 ring of strength (left hand)
 D - a cursed +3 ring of protection (right hand)
 E - a cursed ring of ice
Wands
 f - a wand of slowing (16/48)
 m - a wand of polymorph (5/24)
 r - a wand of disintegration (15/24)
 u - a wand of flame (16/48)
 y - a wand of paralysis (6/24)
 G - a wand of digging (6/24)
 I - a wand of slowing (19/48)
 K - a wand of teleportation (1/9)
Scrolls
 d - 6 scrolls of remove curse
 e - 2 scrolls of identify
 h - 4 scrolls of enchant armour
 k - a scroll of immolation {unknown}
 l - 2 scrolls of enchant weapon
 z - a scroll of torment {unknown}
 A - 3 scrolls of teleportation
Potions
 o - a potion of resistance
 t - 2 potions of flight
 v - a potion of cure mutation
Books
 s - a book of Misfortune

   Spells                             Type                      Level
   a - Confusing Touch                Hexes                        1
   b - Confuse                        Hexes                        3
   c - Gell's Gravitas                Hexes/Translocation          3
   d - Petrify                        Transmutation/Earth          4
   e - Metabolic Englaciation         Hexes/Ice                    5
   f - Yara's Violent Unravelling     Hexes/Transmutation          5
Comestibles
 c - 4 bread rations
 i - 9 meat rations


   Skills:
 + Level 10.1 Fighting
 * Level 14.1 Axes
 * Level 12.1 Armour
 - Level 0.7 Dodging


You had 10 spell levels left.
You didn't know any spells.

Dungeon Overview and Level Annotations

Branches:
Dungeon (13/15)            Temple (1/1) D:5            Lair (0/6) D:8
    Orc: D:9-12      Vaults: D:13-14

Altars:
Ashenzari
Cheibriados
Dithmenos
Elyvilon
Fedhas
Gozag
Hepliaklqana
Kikubaaqudgha
Makhleb
Nemelex Xobeh
Okawaru
Qazlal
Ru
Sif Muna
Trog
Uskayaw
Vehumet
Xom
Yredelemnul
Zin
The Shining One
Lugonu

Shops:
D:6 %=*(   D:7 :   D:9 !


Innate Abilities, Weirdness & Mutations

You have a beak for a mouth.
You are covered in fur. (AC +1)


Message History

The minotaur gores you but does no damage.
The minotaur hits you with an iron rod!!
* * * LOW HITPOINT WARNING * * *
The minotaur gores you!
* * * LOW HITPOINT WARNING * * *
Okay, then.
You feel better.
The minotaur hits you but does no damage.
The minotaur gores you but does no damage.
The minotaur zaps a rod.
The burst of metal fragments misses you. x6
The burst of metal fragments hits you! x3
As you read the scroll of teleportation, it crumbles to dust.
You feel strangely unstable. The minotaur barely misses you. x2
You feel better. The minotaur hits you with an iron rod!
* * * LOW HITPOINT WARNING * * *
The minotaur gores you!
* * * LOW HITPOINT WARNING * * *
The minotaur hits you with an iron rod!
You die...

#...........#.
...# # ##..
...H.. .# #.
...#.#######.
#.## .#( ...#.
## .
.#.#(###.# # .
# ## # # # #.#
#. ....#H#H
#.#. # #.##
#.#.# #.#.###
#. H#.# #@#.
.# #.#.# ###H#
. # #.#..
H...# . .# #
#.# #######
#####. #.. ...
.... . . #
#.#.# ## # # .
. #.# . . # #.
#.# # # #.# ..
.


You could see a minotaur.

Vanquished Creatures
  Gastronok (D:8)
  Fannar (D:10)
  The ghost of coolio the Protected, a novice DDFi of Uskayaw (D:7)
  A hill giant (D:9)
  Pikel (D:9)
  Maurice (D:9)
  Joseph (D:8)
  A centaur skeleton (D:13)
  2 komodo dragons (D:8)
  Grinder (D:6)
  A two-headed ogre (D:10)
  A wyvern (D:9)
  A hungry ghost (D:9)
  Menkaure (D:7)
  Edmund (D:4)
  Duvessa (D:7)
  An orc warrior (D:9)
  3 slaves (D:9)
  3 ice beasts
  3 sky beasts
  An ogre (D:4)
  2 phantoms
  6 centaurs
  2 bullfrogs (D:6)
  Dowan (D:7)
  3 scorpions
  A water moccasin skeleton (D:7)
  A wyvern skeleton (D:9)
  3 killer bees (D:9)
  A howler monkey (D:8)
  4 crimson imps
  A centaur zombie (D:8)
  A bullfrog skeleton (D:9)
  A bullfrog zombie (D:9)
  2 hounds
  A jelly (D:13)
  7 orc wizards
  2 iguanas
  5 worker ants
  2 killer bee zombies (D:7)
  A hound skeleton (D:10)
  6 gnolls
  8 adders
  A shadow imp (D:5)
  2 oozes
  3 adder zombies
  2 adder skeletons
  4 worms
  A dart slug (D:3)
  5 leopard geckos
  27 orcs
  4 ball pythons
  18 bats
  5 giant cockroaches
  15 goblins
  11 hobgoblins
  16 jackals
  10 kobolds
  3 quokkas
  7 frilled lizards
  A jackal skeleton (D:5)
  A jackal zombie (D:6)
  A leopard gecko skeleton (D:4)
  15 rats
241 creatures vanquished.

Vanquished Creatures (collateral kills)
  Robin (D:4)
  3 goblins (D:4)
  A hobgoblin (D:4)
5 creatures vanquished.

Vanquished Creatures (others)
  A ball lightning (D:8)
  A leopard gecko (D:9)
  14 plants (D:8)
16 creatures vanquished.

Grand Total: 262 creatures vanquished

Notes
Turn   | Place    | Note
-------+----------+-------------------------------------------
     0 | D:1      | coolio the Hill Orc Chaos Knight began the quest for the Orb.
     0 | D:1      | Reached XP level 1. HP: 19/19 MP: 1/1
    60 | D:1      | Reached XP level 2. HP: 13/27 MP: 2/2
   205 | D:1      | XOM: silly message
   221 | D:1      | XOM: harmless Ice miscast
   225 | D:1      | Reached XP level 3. HP: 29/33 MP: 3/3
   816 | D:2      | Reached XP level 4. HP: 40/40 MP: 4/4
   846 | D:2      | XOM: noise
   929 | D:2      | XOM: cloud trail
   975 | D:2      | Found a shadowy altar of Dithmenos.
   976 | D:2      | Found a deep blue altar of Sif Muna.
   988 | D:2      | XOM: scenery: 1 doors close
  1042 | D:2      | Reached skill level 5 in Axes
  1111 | D:3      | Noticed a bullfrog
  1117 | D:3      | a bullfrog changed into a scorpion
  1125 | D:3      | Reached XP level 5. HP: 10/47 MP: 5/5
  1712 | D:3      | XOM: give mutations
  1712 | D:3      | Gained mutation: Your body sometimes deteriorates upon taking damage. [Xom's mischief]
  1712 | D:3      | Gained mutation: You tend to lose your temper in combat. [Xom's mischief]
  1994 | D:3      | XOM: god gift: 26 gold pieces
  2110 | D:3      | Noticed a centaur
  2124 | D:3      | Killed a centaur
  2124 | D:3      | Reached skill level 5 in Fighting
  2124 | D:3      | Reached skill level 6 in Axes
  2124 | D:3      | Reached skill level 5 in Armour
  2124 | D:3      | Reached XP level 6. HP: 40/56 MP: 6/6
  2226 | D:3      | XOM: god gift: shortbow {god gift}
  2294 | D:4      | XOM: butterfly on damage
  2298 | D:4      | Found a radiant altar of Vehumet.
  2583 | D:4      | Noticed Edmund
  2583 | D:4      | XOM: cast spell 'Ring of Flames'
  2589 | D:4      | Killed Edmund
  2705 | D:4      | Noticed Robin
  2718 | D:4      | Reached XP level 7. HP: 30/61 MP: 7/7
  2721 | D:4      | Killed Robin
  2829 | D:4      | XOM: 1-stop teleportation journey
  2855 | D:4      | Reached skill level 7 in Axes
  2878 | D:4      | HP: 3/61 [hobgoblin/wand of flame (10)]
  3118 | D:4      | XOM: god gift: scroll labeled QUELOU YGUUC {god gift}
  3356 | D:4      | Found an opulent altar of Gozag.
  3469 | D:5      | Entered Level 5 of the Dungeon
  3509 | D:5      | Found a basalt altar of Yredelemnul.
  3600 | D:5      | Lost mutation: You tend to lose your temper in combat. [potion of mutation]
  3600 | D:5      | Gained mutation: Your mind is acute. (Int +2) [potion of mutation]
  3600 | D:5      | Gained mutation: Your mind is very acute. (Int +4) [potion of mutation]
  3601 | D:5      | Gained mutation: You are covered in fur. (AC +1) [potion of mutation]
  3833 | D:5      | XOM: god gift: 5 meat rations
  3928 | D:5      | XOM: give mutations
  3928 | D:5      | Gained mutation: Your system is resistant to poisons. (rPois) [Xom's grace]
  3928 | D:5      | Gained mutation: Your flesh is cold resistant. (rC+) [Xom's grace]
  3976 | D:5      | Found a staircase to the Ecumenical Temple.
  3980 | D:5      | XOM: medium Summ miscast
  3981 | D:5      | Noticed a smoke demon
  3985 | Temple   | Entered the Ecumenical Temple
  4219 | D:5      | XOM: enchant monster (bad)
  4221 | D:5      | XOM: enchant monster (good)
  4222 | D:5      | XOM: noise
  4227 | D:5      | XOM: potion effect (brilliance)
  4227 | D:5      | Reached skill level 8 in Axes
  4230 | D:5      | Reached XP level 8. HP: 58/70 MP: 8/8
  4294 | D:5      | Found a faded altar of an unknown god.
  4294 | D:5      | Found a shattered altar of Ashenzari.
  4299 | D:5      | Found a faded altar of an unknown god.
  4301 | D:5      | Found a faded altar of an unknown god.
  4302 | D:5      | Found a faded altar of an unknown god.
  4404 | D:5      | XOM: divination: magic mapping
  4490 | D:5      | Found a white marble altar of Elyvilon.
  4523 | D:5      | XOM: harmless Divn miscast
  4694 | D:6      | XOM: medium Ice miscast
  4809 | D:6      | Found Uppeluleunt's Weapon Emporium.
  4821 | D:6      | Reached skill level 9 in Axes
  4921 | D:6      | Noticed a hand axe
  4922 | D:6      | Noticed a hand axe
  4930 | D:6      | Noticed Grinder
  4938 | D:6      | Found a hide-covered altar of Uskayaw.
  4947 | D:6      | Fell from the grace of Xom
  4947 | D:6      | Became a worshipper of Uskayaw the Reveler
  4950 | D:6      | Reached * piety under Uskayaw
  4970 | D:6      | Reached ** piety under Uskayaw
  4976 | D:6      | Killed Grinder
  4989 | D:6      | Found Kaaptu's Jewellery Boutique.
  5006 | D:6      | Reached *** piety under Uskayaw
  5008 | D:6      | HP: 2/71 [ice beast (5)]
  5305 | D:6      | XOM: summons 14 hostile demons
  5513 | D:6      | XOM: medium Ice miscast
  5589 | D:6      | Found Ezae's Food Boutique.
  5624 | D:6      | Reached XP level 9. HP: 65/79 MP: 9/9
  5656 | D:6      | Found Ziqenujets's General Store.
  5668 | D:6      | Reached skill level 10 in Axes
  5706 | D:6      | Found Petees's Assorted Antiques.
  5709 | D:6      | Bought a war axe for 108 gold pieces
  5709 | D:6      | Bought a potion of might for 124 gold pieces
  5889 | D:6      | XOM: mild Tloc miscast
  5999 | D:7      | Noticed Duvessa
  6000 | D:7      | Noticed Dowan
  6009 | D:7      | Killed Dowan
  6009 | D:7      | Reached **** piety under Uskayaw
  6011 | D:7      | Killed Duvessa
  6012 | D:7      | Found a hazy altar of Hepliaklqana.
  6012 | D:7      | Found a bloodstained altar of Trog.
  6013 | D:7      | Found a shimmering altar of Xom.
  6038 | D:7      | Noticed coolio's ghost (novice DDFi)
  6053 | D:7      | Killed coolio's ghost
  6301 | D:7      | Reached skill level 11 in Axes
  6358 | D:7      | Noticed Menkaure
  6370 | D:7      | Killed Menkaure
  6587 | D:7      | Found a sacrificial altar of Ru.
  6630 | D:7      | Found Tuetz's Book Emporium.
  6994 | D:8      | Noticed Gastronok
  7010 | D:8      | Killed Gastronok
  7010 | D:8      | Reached skill level 12 in Axes
  7010 | D:8      | Reached skill level 10 in Armour
  7010 | D:8      | Reached XP level 10. HP: 48/90 MP: 10/10
  7368 | D:8      | Found a staircase to the Lair.
  7522 | D:8      | XOM: severe Ice miscast
  7589 | D:8      | Noticed Joseph
  7613 | D:8      | Killed Joseph
  7929 | D:8      | XOM: severe Air miscast
  8093 | D:8      | XOM: noise
  8134 | D:8      | XOM: mild Necr miscast
  8359 | D:8      | Lost mutation: Your flesh is cold resistant. (rC+) [potion of cure mutation]
  8359 | D:8      | Lost mutation: Your body sometimes deteriorates upon taking damage. [potion of cure mutation]
  8359 | D:8      | Lost mutation: Your mind is very acute. (Int +4) [potion of cure mutation]
  8359 | D:8      | Lost mutation: Your system is resistant to poisons. (rPois) [potion of cure mutation]
  8359 | D:8      | Lost mutation: Your mind is acute. (Int +2) [potion of cure mutation]
  8383 | D:8      | XOM: severe Erth miscast
  8717 | D:8      | Reached skill level 13 in Axes
  8730 | D:8      | XOM: give mutations
  8730 | D:8      | Gained mutation: You have a beak for a mouth. [Xom's mischief]
  8730 | D:8      | Gained mutation: You are frail. (-10% HP) [Xom's mischief]
  8730 | D:8      | Lost mutation: You are frail. (-10% HP) [Xom's mischief]
  8778 | D:9      | Found Xipu's Distillery.
  8798 | D:9      | Reached ***** piety under Uskayaw
  8822 | D:9      | Bought a potion of berserk rage for 75 gold pieces
  9027 | D:9      | Noticed Pikel
  9036 | D:9      | Killed Pikel
  9041 | D:9      | Reached XP level 11. HP: 65/97 MP: 11/11
  9242 | D:9      | XOM: polymorph freed slave -> hornet
  9288 | D:9      | XOM: medium Summ miscast
  9681 | D:9      | Noticed a hill giant
  9685 | D:9      | XOM: medium Ice miscast
  9694 | D:9      | Killed a hill giant
 10041 | D:9      | Noticed Maurice
 10056 | D:9      | Killed Maurice
 10159 | D:9      | Found a snail-covered altar of Cheibriados.
 10272 | D:10     | Entered Level 10 of the Dungeon
 10351 | D:10     | Noticed Fannar
 10366 | D:10     | Killed Fannar
 10366 | D:10     | Reached skill level 10 in Fighting
 10366 | D:10     | Reached skill level 14 in Axes
 10530 | D:10     | You fall through a shaft for 3 floors!
 10530 | D:13     | XOM: 3-stop teleportation journey
 10626 | D:13     | Found a labyrinth entrance.
 10630 | Lab      | Entered a labyrinth
 10634 | Lab      | Upgraded the game from 0.19.0-16-g73b5abf to 0.19.0-19-g8c6edcc
 10733 | Lab      | Noticed a minotaur
 10819 | Lab      | HP: 1/99 [minotaur/iron rod (15)]
 10822 | Lab      | Slain by a minotaur

Skill      XL: |  1  2  3  4  5  6  7  8  9 10 11 |
---------------+----------------------------------+-----
Fighting       | 4 5 6 7 8 9 10 | 10.1
Armour         | 3 4 5 6 8 10 11 12 | 12.1
Axes           | 5 6 8 9 12 13 14 | 14.1
Dodging        | |  0.7

Action                   |  1- 3 |  4- 6 |  7- 9 | 10-12 || total
-------------------------+-------+-------+-------+-------++-------
Melee: Hand axe          |   112 |   201 |   279 |       ||   592
       War axe           |       |       |   121 |   249 ||   370
       Peck              |       |       |       |    30 ||    30
Evoke: Wand              |       |       |     3 |     6 ||     9
  Use: Scroll            |     1 |       |    11 |     4 ||    16
       Potion            |       |     1 |     9 |     9 ||    19
 Stab: Paralysed         |     2 |     6 |    11 |    12 ||    31
       Petrifying        |       |     1 |     3 |       ||     4
       Petrified         |       |     3 |     1 |       ||     4
       Confused          |       |     2 |     1 |       ||     3
       Distracted        |       |       |     1 |       ||     1
  Eat: Chunk             |       |     6 |    11 |     8 ||    25
       Pizza             |       |       |     1 |       ||     1
       Beef jerky        |       |       |     1 |     1 ||     2
       Meat ration       |       |       |       |     2 ||     2
Armor: Leather armour    |    27 |       |       |       ||    27
       Ring mail         |    14 |    97 |   210 |    26 ||   347
       Scale mail        |       |       |       |    98 ||    98
Dodge: Dodged            |    83 |   106 |   187 |   114 ||   490
